 Dungeon Crawl Stone Soup version 0.29.0-4-gdea44cf6ec (webtiles) character file.

Game seed: 4344783028913666753

2 qw the Caller (level 1, -1/14 HPs)
             Began as a Ghoul Summoner on Sept 10, 2022.
             Slain by a quokka (3 damage)
             ... on level 1 of the Dungeon.
             The game lasted 00:00:02 (52 turns).

qw the Caller (Ghoul Summoner)                        Turns: 52, Time: 00:00:03

Health: -1/14      AC:  2    Str: 11    XL:     1   Next: 40%
Magic:  1/2        EV: 12    Int: 10    God:
Gold:   12         SH:  0    Dex:  9    Spells: 2/3 levels left

rFire   . . .      SeeInvis .   (no weapon)
rCold   + . .      Faith    .   (no shield)
rNeg    + + +      Spirit   .   a - +0 robe
rPois   inf        Reflect  .   (no helmet)
rElec   .          Harm     .   (no cloak)
rCorr   .          Rampage  .   (no gloves)
Will    .....                   (no boots)
Stlth   ++........              (no amulet)
HPRegen 0.00/turn               (no ring)
MPRegen 0.08/turn               (no ring)

@: inhibited regen
A: claws 1, cold resistance 1, negative energy resistance 3, inhibited
regeneration, torment resistance 2, devour on kill
a: no special abilities


You were on level 1 of the Dungeon.
You visited 1 branch of the dungeon, and saw 1 of its levels.

You collected 12 gold pieces.


Innate Abilities, Weirdness & Mutations

You are immune to poison.
You have sharp fingernails.
Your flesh is cold resistant. (rC+)
You are immune to negative energy. (rN+++)
You do not regenerate when monsters are visible.
You are immune to unholy pain and torment.
You thrive by killing the living.


   Skills:
 + Level 0.6 Axes
 - Level 1.7 Dodging
 - Level 2.1 Stealth
 - Level 1.7 Spellcasting
 - Level 3.6 Summonings


You had 2 spell levels left.
You knew the following spells:

 Your Spells              Type           Power      Damage    Failure   Level
a - Summon Small Mammal   Summ           32%        N/A       8%          1

Your spell library contained the following spells:

 Spells                   Type           Power      Damage    Failure   Level
 Call Imp                 Summ           8%         N/A       11%         2
 Call Canine Familiar     Summ           8%         N/A       22%         3
 Summon Guardian Golem    Hex/Summ       4%         N/A       43%         3
 Summon Lightning Spire   Summ/Air       4%         N/A       83%         4

Inventory:

Armour
 a - a +0 robe (worn)

Dungeon Overview and Level Annotations

Branches:
Dungeon (1/15)

Altars:


Message History

Your claw misses the quokka.
Your bat barely misses the quokka.
Your bat misses the quokka.
Your bat barely misses the quokka.
The quokka barely misses you.
You scratch the quokka but do no damage.
Your bat hits the quokka. Your bat misses the quokka.
The quokka closely misses your bat.
You barely miss the quokka. Your bat hits the quokka.
Your bat closely misses the quokka.
The quokka barely misses you.
Your bat barely misses the quokka.
You miss the quokka. Your claw misses the quokka.
The quokka is moderately wounded.
Your bat barely misses the quokka.
The quokka closely misses you.
Your bat barely misses the quokka.
A dart slug comes into view.
The quokka bites you.
You closely miss the quokka.
The quokka is moderately wounded.
Your bat closely misses the quokka.
The quokka misses you.
Your bat closely misses the quokka.
You miss the quokka.
The quokka is moderately wounded.
Your bat closely misses the quokka.
Your bat hits the quokka but does no damage.
Your bat hits the quokka.
Your bat hits the quokka but does no damage.
Your bat closely misses the quokka. x2
You scratch the quokka but do no damage.
The quokka is heavily wounded.
Your bat barely misses the quokka. x2; The quokka bites you.
Your bat barely misses the quokka.
You barely miss the quokka.
The quokka is heavily wounded.
Your bat hits the quokka.
Your bat barely misses the quokka.
The quokka closely misses you. x2
You closely miss the quokka.
The quokka is severely wounded.
Your bat hits the quokka but does no damage.
Your bat misses the quokka.
Your bat closely misses the quokka.
The quokka bites you.
You die...

#~?#~...~#¤~¤¤#.#
###~.#~.#.~#.~¤.#.#
..~8#~.#.~#.~~¤#.#
.##~.#~.#.~#.¤¤¤#.#
.....'..#..'..¤.'.#
.#..w'..#..'¤...'<#
#..~.#)b#.~#.~¤.#.#
#br#.~#.¤~.#.#
#~@#.~#.¤¤.#.#
#~...~#.¤¤.#.#
#~~~~~#.¤¤.#.#
##############


You could see a dart slug, a quokka (ally target) and 2 friendly bats.

Vanquished Creatures
  A frilled lizard (D:1)
  A kobold (D:1)
2 creatures vanquished.

Vanquished Creatures (collateral kills)
  A hobgoblin (D:1)
1 creature vanquished.

Grand Total: 3 creatures vanquished

Notes
Turn   | Place    | Note
-------+----------+-------------------------------------------
     0 | D:1      | qw the Ghoul Summoner began the quest for the Orb.
     0 | D:1      | Reached XP level 1. HP: 14/14 MP: 2/2
     0 | D:1      | 0 ||| qw: Version: 0.1-a-116-g5d60599
     0 | D:1      | 0 ||| qw: Game counter: 7611
     0 | D:1      | 0 ||| qw: Always use a shield: true
     0 | D:1      | 0 ||| qw: God list: Okawaru
     0 | D:1      | 0 ||| qw: Allow faded altars: false
     0 | D:1      | 0 ||| qw: Do Orc after D:15 true
     0 | D:1      | 0 ||| qw: Do second Lair branch before Depths: true
     0 | D:1      | 0 ||| qw: Lair rune preference: random
     0 | D:1      | 0 ||| qw: Plans: Normal
     0 | D:1      | 0 ||| PLANNING D:1-11
    27 | D:1      | 27 ||| DROPPING potion of magic.
    28 | D:1      | 28 ||| CASTING Summon Small Mammal
    29 | D:1      | 29 ||| CASTING Summon Small Mammal
    35 | D:1      | 35 ||| Stepping ~*~*~tactically~*~*~ (outnumbered).
    41 | D:1      | 41 ||| CASTING Summon Small Mammal
    50 | D:1      | HP: 2/14 [quokka (3)]
    52 | D:1      | Slain by a quokka

Levels and vault maps discovered:
D:1:      lightli_arrival_isolated_outpost, layout_loops_ring,
          ebering_ecumenical_altar_box

Action                   || total
-------------------------++-------
Melee: Unarmed           ||    17
       Punch             ||     1
 Cast: Summon Small Mamm ||     3
Armor: Robe              ||     1
Dodge: Dodged            ||     8

Table legend:
 A = Non-vault XP
 B = Vault XP
 C = Vault XP percentage of total XP
 D = Non-vault monster count
 E = Vault monster count
 F = Vault count percentage of total count
                 A         B        C        D         E       F
            +---------+---------+-------+---------+---------+-------
      Total |       4 |       0 |   0.0 |       3 |       0 |   0.0
            +---------+---------+-------+---------+---------+-------
        D:1 |       4 |       0 |   0.0 |       3 |       0 |   0.0
            +---------+---------+-------+---------+---------+-------
